 Dungeon Crawl Stone Soup version 0.30-a0-297-g0ec75d9ef4 (webtiles) character file.

Game seed: 12926203672677707424

3945 porpoise the Carver (level 10, -4/79 HPs)
             Began as a Merfolk Monk on Oct 20, 2022.
             Was a Priest of Uskayaw.
             Slain by a two-headed ogre
             ... wielding a +0 giant spiked club
              (21 damage)
             ... on level 9 of the Dungeon.
             The game lasted 00:53:00 (9369 turns).

porpoise the Carver (Merfolk Monk)                  Turns: 9369, Time: 00:53:01

Health: -4/79      AC:  9    Str: 11    XL:     10   Next: 21%
Magic:  5/11       EV: 14    Int: 10    God:    Uskayaw [***...]
Gold:   336        SH:  0    Dex: 19    Spells: 9/9 levels left

rFire   . . .      SeeInvis .    a - +1 short sword (drain)
rCold   . . .      Faith    .    (no shield)
rNeg    . . .      Spirit   .    s - +1 ring mail of Tenacity {Will+ Regen+}
rPois   .          Reflect  .    (no helmet)
rElec   .          Harm     .    (no cloak)
rCorr   .          Rampage  .    i - +0 pair of gloves
Will    ++...                    u - +1 pair of boots {Fly}
Stlth   +++.......               (no amulet)
HPRegen 1.13/turn                y - ring of willpower
MPRegen 0.12/turn                f - ring of wizardry

@: about to teleport, flying
A: (nimble swimmer 2), mertail, clumsy 1, evolution 1
a: Renounce Religion, Stomp, Line Pass


You were on level 9 of the Dungeon.
You worshipped Uskayaw.
Uskayaw was noncommittal.
You visited 2 branches of the dungeon, and saw 10 of its levels.

You collected 391 gold pieces.
You spent 55 gold pieces at shops.

Inventory:

Hand Weapons
 a - a +1 short sword of draining (weapon)
 b - a +3 falchion of freezing
 w - a +3 dagger of freezing
 H - a +0 shortbow
 N - a +0 sling
 W - a +2 short sword of venom
Missiles
 l - 8 boomerangs (quivered)
 v - 4 atropa-tipped darts
 A - 5 silver javelins
 C - 2 throwing nets
Armour
 i - a +0 pair of gloves (worn)
 s - the +1 ring mail of Tenacity (worn) {Will+ Regen+}
   (You found it on level 6 of the Dungeon)

   Regen:     It increases your rate of health regeneration.
   Will:      It increases your willpower.
 t - a +4 chain mail of willpower
 u - a +1 pair of boots of flying (worn)
 G - +0 steam dragon scales
 M - a +2 leather armour of poison resistance
Jewellery
 f - a ring of wizardry (right hand)
 y - a ring of willpower (left hand)
Wands
 F - a wand of roots (8)
Scrolls
 d - a scroll of poison
 h - 2 scrolls of vulnerability
 j - a scroll of noise
 k - a scroll of blinking
 m - 2 scrolls of teleportation
 q - 2 scrolls of amnesia
 x - 2 scrolls of fear
 z - a scroll of butterflies
 E - a scroll of identify
 K - a scroll of silence
Potions
 c - a potion of ambrosia
 e - 4 potions of mutation
 p - a potion of resistance
 B - a potion of magic
 D - a potion of brilliance
 I - a potion of attraction
 L - a potion of heal wounds


   Skills:
 - Level 7.0 Fighting
 + Level 13.0 Long Blades
 + Level 7.7 Dodging
 - Level 7.4 Stealth
 + Level 2.0 Invocations


You had 9 spell levels left.
You didn't know any spells.
Your spell library contained the following spells:

 Spells                   Type           Power      Damage    Failure   Level
 Dazzling Flash           Conj/Hex       0%         N/A       69%         3
 Ignite Poison            Fire/Tmut/Pois 0%         N/A       69%         3
 Portal Projectile        Hex/Tloc       0%         N/A       69%         3
 Tukima's Dance           Hex            0%         N/A       69%         3
 Iskenderun's Mystic Bla  Conj/Tloc      0%         2d3       97%         4
 Sticky Flame             Conj/Fire      0%         2d3       97%         4
 Blade Hands              Tmut           0%         N/A       100%        5
 Summon Forest            Summ/Tloc      0%         N/A       100%        5
 Eringya's Noxious Bog    Tmut/Pois      0%         N/A       100%        6
 Starburst                Conj/Fire      0%         6d3       100%        6
 Summon Hydra             Summ           0%         N/A       100%        7
 Ignition                 Fire           0%         3d3       100%        8


Dungeon Overview and Level Annotations

Branches:
Dungeon (9/15)             Temple (1/1) D:6
   Lair: D:8-11         Orc: D:9-12

Altars:
Ashenzari
Cheibriados
Dithmenos
Elyvilon
Fedhas
Gozag
Hepliaklqana
Kikubaaqudgha
Makhleb
Nemelex Xobeh
Okawaru
Qazlal
Ru
Sif Muna
Trog
Uskayaw
Vehumet
Wu Jian
Xom
Yredelemnul
Zin
The Shining One

Shops:
D:1 (   D:6 *

Annotations:
D:3 dig
D:5 3 runed translucent doors, Paroid's ghost, novice AtWr


Innate Abilities, Weirdness & Mutations

((You are very nimble when in or above water. (Stealth+, EV+, Speed+++)))
Your lower body shifts to a powerful aquatic tail in water.
You are clumsy. (Dex -2)
You have hidden genetic potential.


Message History

The centaur is heavily wounded.
The centaur asks, "Where am I?"
The centaur barely misses the bullfrog.
The centaur misses the bullfrog.
The bullfrog hits you!
* * * LOW HITPOINT WARNING * * *
The killer bee barely misses the bullfrog.
The orc priest hits you with a +0 mace.
* * * LOW HITPOINT WARNING * * *
As you read the scroll of teleportation, it crumbles to dust.
You feel strangely unstable.
The killer bee seems less confused.
The centaur seems less confused.
The centaur hits you but does no damage.
The centaur barely misses you.
The bullfrog hits you but does no damage.
The centaur misses you. The centaur barely misses you.
The orc priest misses you.
You hit the centaur. You drain the centaur.
The centaur is almost dead.
The bullfrog completely misses you.
Uskayaw will force your foes to helplessly watch your dance.
You hit the centaur but do no damage. You drain the centaur.
You kill the centaur!
The bullfrog hits you but does no damage.
A goblin comes into view. It is wielding a +0 dagger.
The orc priest misses you.
Your Invocations skill increases to level 2!
The goblin shouts!
You hit the orc priest but do no damage.
The bullfrog hits you but does no damage.
Unknown command.
You hit the orc priest but do no damage.
The orc priest closely misses you. The bullfrog hits you.
* * * LOW HITPOINT WARNING * * *
You hit the orc priest.
The orc priest is lightly wounded.
You closely miss the orc priest.
The orc priest is lightly wounded.
The bullfrog closely misses you. The orc priest barely misses you.
The two-headed ogre hits you with a +0 giant spiked club!!
You die...

.....# ... ####
#....##..( .#..
#.....((. .#.# #....(..
.#.# #.....# . .#.#
#..(..##... .#<#
#######Fo....... ...#
#.)[))yO@.(..g..
.#.######.######........
.#........# #........
#####.##### #........
..# #.###########......#
#.# #..#.......# .......
#.# #..#.......# .......
#.# #..........# .......
#.###.##.......#


You could see a two-headed ogre, a bullfrog, a killer bee, an orc priest and a
goblin.

Vanquished Creatures
  Pikel (D:4)
  Eustachio (D:6)
  2 yaks
  2 steam dragons
  3 orc warriors (D:9)
  An ice beast (D:6)
  An ogre (D:5)
  3 centaurs
  A phantom (D:8)
  Blork the orc (D:5)
  2 kobold brigands (D:6)
  5 bullfrogs
  3 scorpions
  7 wights
  4 hounds
  2 jellies
  2 orc priests
  2 gnoll boudas
  Ijyb (D:3)
  Terence (D:2)
  2 iguanas
  Natasha (thrice) (D:4)
  7 orc wizards
  21 gnolls
  8 adders
  A white imp (D:7)
  4 ufetubi
  A worm (D:2)
  A dart slug (D:2)
  21 orcs
  6 ball pythons
  3 bats
  8 endoplasms
  2 giant cockroaches
  8 goblins
  8 hobgoblins
  2 quokkas
  3 frilled lizards
  12 kobolds
  7 rats
173 creatures vanquished.

Vanquished Creatures (others)
  50 plants (D:1)
50 creatures vanquished.

Grand Total: 223 creatures vanquished

Notes
Turn   | Place    | Note
-------+----------+-------------------------------------------
     0 | D:1      | porpoise the Merfolk Monk began the quest for the Orb.
     0 | D:1      | Reached XP level 1. HP: 18/18 MP: 1/1
    32 | D:1      | Reached skill level 4 in Long Blades
   144 | D:1      | Reached XP level 2. HP: 21/24 MP: 2/2
   386 | D:1      | Found Cydew's Weapon Shop.
   709 | D:2      | Reached XP level 3. HP: 30/30 MP: 3/3
   865 | D:2      | Found a shimmering altar of Xom.
  1148 | D:2      | Reached skill level 5 in Long Blades
  1192 | D:2      | Noticed Terence
  1427 | D:2      | Reached XP level 4. HP: 16/37 MP: 4/4
  1779 | D:3      | You fall into a shaft and drop 3 floors!
  1800 | D:6      | Noticed an ice beast
  1847 | D:5      | Entered Level 5 of the Dungeon
  1882 | D:6      | Noticed a centaur
  1894 | D:6      | Killed a centaur
  1895 | D:6      | Reached XP level 5. HP: 25/42 MP: 5/5
  2035 | D:6      | Identified the +1 ring mail of Tenacity {Will+ Regen+}
  2077 | D:6      | Found Yci Pyzo's Assorted Antiques.
  2094 | D:6      | Gained mutation: You are strong-willed. (Will+) [potion of
                  | mutation]
  2094 | D:6      | Gained mutation: You are weak. (Str -2) [potion of
                  | mutation]
  2094 | D:6      | Gained mutation: You are robust. (+10% HP) [potion of
                  | mutation]
  2179 | D:6      | Reached skill level 5 in Stealth
  2242 | D:6      | Bought a scroll labelled ONOENG UCSUG for 19 gold pieces
  2242 | D:6      | Bought a scroll labelled OTHEITHESSY for 19 gold pieces
  2242 | D:6      | Bought a green potion for 17 gold pieces
  2243 | D:6      | Noticed Eustachio
  2288 | D:6      | Killed Eustachio
  2289 | D:6      | Reached XP level 6. HP: 42/52 MP: 6/6
  2704 | D:5      | Reached XP level 7. HP: 54/59 MP: 7/7
  2803 | D:5      | Noticed a yak
  2804 | D:5      | Noticed a yak
  2805 | D:5      | Noticed a yak
  2805 | D:5      | Noticed a yak
  2805 | D:5      | Noticed a yak
  2958 | D:5      | Noticed a yak
  3322 | D:3      | Noticed Ijyb
  3351 | D:3      | Killed Ijyb
  4127 | D:4      | Reached skill level 6 in Long Blades
  4166 | D:4      | Noticed Pikel
  4190 | D:4      | Killed Pikel
  4191 | D:4      | Reached skill level 5 in Fighting
  4191 | D:4      | Reached skill level 7 in Long Blades
  4191 | D:4      | Reached XP level 8. HP: 32/69 MP: 8/8
  4440 | D:4      | Reached skill level 8 in Long Blades
  4810 | D:4      | Noticed Natasha
  4815 | D:4      | Killed Natasha
  4897 | D:4      | Noticed Natasha
  4914 | D:4      | Killed Natasha
  5058 | D:4      | Noticed Natasha
  5063 | D:4      | Killed Natasha
  5094 | D:5      | Noticed Blork the orc
  5112 | D:5      | Killed Blork the orc
  5485 | D:5      | Found a runed translucent gate.
  5485 | D:5      | Found a runed translucent gate.
  5521 | D:5      | Reached skill level 9 in Long Blades
  6011 | D:6      | Reached XP level 9. HP: 64/78 MP: 9/9
  6108 | D:6      | Found a staircase to the Ecumenical Temple.
  6117 | Temple   | Entered the Ecumenical Temple
  6422 | D:5      | Reached skill level 10 in Long Blades
  6529 | D:5      | Noticed Paroid's ghost (novice AtWr)
  6673 | D:5      | Found a runed translucent gate.
  6775 | D:2      | Killed Terence
  7139 | D:6      | Reached skill level 11 in Long Blades
  7297 | D:7      | Reached skill level 5 in Dodging
  7383 | D:7      | Lost mutation: You are robust. (+10% HP) [potion of
                  | mutation]
  7383 | D:7      | Lost mutation: You are weak. (Str -2) [potion of mutation]
  7383 | D:7      | Lost mutation: You are strong-willed. (Will+) [potion of
                  | mutation]
  7383 | D:7      | Gained mutation: You are clumsy. (Dex -2) [potion of
                  | mutation]
  7383 | D:7      | Gained mutation: You have hidden genetic potential. [potion
                  | of mutation]
  8139 | D:8      | Reached skill level 12 in Long Blades
  8835 | D:8      | Found a shadowy altar of Dithmenos.
  8839 | D:8      | Reached XP level 10. HP: 71/74 MP: 10/10
  9205 | D:9      | Found a hide-covered altar of Uskayaw.
  9213 | D:9      | Became a worshipper of Uskayaw the Reveller
  9213 | D:9      | Reached * piety under Uskayaw
  9308 | D:9      | Reached ** piety under Uskayaw
  9316 | D:9      | Reached skill level 1 in Invocations
  9317 | D:9      | Reached *** piety under Uskayaw
  9323 | D:9      | Reached **** piety under Uskayaw
  9330 | D:9      | Reached ***** piety under Uskayaw
  9335 | D:9      | Noticed a two-headed ogre
  9358 | D:9      | Reached skill level 13 in Long Blades
  9369 | D:9      | Slain by a two-headed ogre

Illustrated notes

Levels and vault maps discovered:
D:1:      roderic_crop_circles_arrival_small, layout_basic, serial_shops, shop
D:2:      layout_basic, basic_altar, uniq_terence
D:3:      layout_basic, roderic_lattice_a, serial_park_tiny_1,
          kennysheep_path_1, due_unseen_surprise, uniq_ijyb
D:4:      layout_basic, uniq_pikel, uniq_natasha
D:5:      layout_layer_cave, gammafunk_ghost_split, uniq_blork_the_orc
D:6:      layout_rooms, lemuel_temple_firewalk_b, serial_shops, shop,
          uniq_eustachio
D:7:      layout_loops_cross, minmay_misc_feat_iff
D:8:      layout_cave_pools, grunt_dithmenos_shadows
D:9:      layout_basic, nicolae_uskayaw_dance_hall, erik_orc_4
Temple:   nicolae_temple_bog_church

Skill      XL: |  1  2  3  4  5  6  7  8  9 10 |
---------------+-------------------------------+-----
Long Blades    | 4 5 7 9 12 13 | 13.0
Fighting       | 4 5 6 7 |  7.0
Stealth        | 4 6 7 |  7.4
Dodging        | 6 7 |  7.7
Invocations    | 2 |  2.0

Action                   |  1- 3 |  4- 6 |  7- 9 | 10-12 || total
-------------------------+-------+-------+-------+-------++-------
Melee: Falchion          |   134 |   143 |   416 |     8 ||   701
       Punch             |     2 |     3 |     7 |     1 ||    13
       Short sword       |       |       |   156 |    62 ||   218
       Dagger            |       |       |    12 |       ||    12
 Fire: Shortbow          |       |     1 |     5 |       ||     6
Throw: Boomerang         |     5 |    15 |    17 |    13 ||    50
       Dart              |       |       |     5 |    12 ||    17
Invok: Line Pass         |       |       |       |     2 ||     2
Evoke: Wand              |       |       |     1 |     1 ||     2
  Use: Potion            |       |     9 |     6 |       ||    15
       Scroll            |       |       |    14 |     2 ||    16
 Stab: Sleeping          |     7 |       |    12 |       ||    19
       Paralysed         |       |       |       |     2 ||     2
       Confused          |       |       |       |     1 ||     1
Armor: Robe              |    15 |     4 |       |       ||    19
       Skin              |       |    73 |    16 |       ||    89
       Ring mail         |       |    23 |   183 |    16 ||   222
Dodge: Dodged            |    86 |    65 |   335 |    32 ||   518

Table legend: (Time is in decaauts)
 A = Elapsed time spent in this place.
 B = Non-inter-level travel time spent in this place.
 C = Inter-level travel time spent in this place.
 D = Time resting spent in this place.
 E = Time spent auto-exploring this place.
 F = Levels seen in this place.
 G = Mean time per level.
                   A        B        C        D        E       F      G
               +--------+--------+--------+--------+--------+-----+--------+
         Total |   9218 |   8612 |    606 |   1813 |   3595 |  10 |  921.8 |
       Dungeon |   9082 |   8497 |    585 |   1813 |   3495 |   9 | 1009.1 |
        Temple |    136 |    115 |     21 |      0 |    100 |   1 |  136.0 |
               +--------+--------+--------+--------+--------+-----+--------+

Top non-repeatable levels by time:
     D:6: 1542 daAuts
     D:5: 1454 daAuts
     D:4: 1271 daAuts
     D:3: 1072 daAuts
     D:2: 1027 daAuts
     D:8: 956 daAuts
     D:7: 925 daAuts
     D:1: 651 daAuts
     D:9: 181 daAuts
  Temple: 136 daAuts
